 Dungeon Crawl Stone Soup version 0.31-a0-1098-g6898e6545c (webtiles) character file.

Game seed: 7828488312366631313

5 kae the Vexing (level 1, 0/13 HPs)
             Began as a Demonspawn Enchanter on Nov 30, 2023.
             Slain by an endoplasm (3 damage)
             ... on level 1 of the Dungeon.
             The game lasted 00:00:08 (81 turns).

kae the Vexing (Demonspawn Enchanter)                 Turns: 81, Time: 00:00:09

Health: 0/13       AC:  2    Str:  8    XL:     1   Next: 66%
Magic:  3/3        EV: 12    Int: 15    God:
Gold:   4          SH:  0    Dex: 13    Spells: 4/4 levels left

rFire   . . .        a - +1 dagger
rCold   . . .        (no shield)
rNeg    . . .        b - +0 robe
rPois   .            (no helmet)
rElec   .            (no cloak)
rCorr   .            (no gloves)
SInv    .            (no boots)
Will    .....        (no amulet)
Stlth   ++           (no ring)
HPRegen 0.22/turn    (no ring)
MPRegen 0.08/turn

%: no passive effects
@: no status effects
A: no striking features
a: no special abilities


You were on level 1 of the Dungeon.
You visited 1 branch of the dungeon, and saw 1 of its levels.

You collected 4 gold pieces.


   Skills:
 + Level 0.2 Fighting
 * Level 1.1 Short Blades
 - Level 1.7 Dodging
 * Level 2.8 Stealth
 + Level 2.0 Spellcasting
 + Level 3.0 Hexes


You had 4 spell levels left.
You didn't know any spells.
Your spell library contained the following spells:

 Spells                   Type           Power      Damage    Failure   Level
 Ensorcelled Hibernation  Hex/Ice        12%        N/A       19%         2
 Confusing Touch          Hex            10%        N/A       19%         3
 Tukima's Dance           Hex            10%        N/A       19%         3
 Dazzling Flash           Conj/Hex       12%        N/A       34%         3

Inventory:

Hand Weapons
 a - a +1 dagger (weapon)
Missiles
 d - 4 stones
Armour
 b - a +0 robe (worn)
Scrolls
 f - a scroll of enchant armour {unknown}
 g - a scroll of poison {unknown}
Potions
 c - 2 potions of invisibility
 e - a potion of curing {unknown}

Dungeon Overview and Level Annotations

Branches:
Dungeon (1/15) Zot: 5918

Altars:

... ...#. ...
.... . ... ....
.. #.. #..# ...
#..##?.##..
#........
.###...r.# ## ###
......J@†# .. ..#
########.# .#..
..#
#########.##>..#.
..#
......†..........
[.#
########†.####.#.
..# #..# ..# #..#
..# #..#####..
..# #.........


You could see an endoplasm and a quokka.


Message History

Press ? for a list of commands and other information.
Found a hand axe and 4 gold pieces.
Found a staircase leading out of the dungeon.
You now have 4 gold pieces.
You open the door.
There is an open door here.
d - 4 stones A goblin comes into view. It is wielding a +0 club.
A goblin is nearby!
A goblin is nearby!
The helpless goblin fails to defend itself.
You puncture the goblin!
You kill the goblin!
You see here a +0 club.
A bat comes into view.
You see here a scroll labelled OPUCSAMPYQ.
The bat hits you but does no damage. The bat barely misses you.
A bat is nearby!
You closely miss the bat. The bat closely misses you.
The bat closely misses you.
A bat is nearby!
The bat barely misses you.
Found a stone staircase leading down.
The bat misses you.
A bat is nearby!
You hit the bat.
You kill the bat!
No target in view!
A frilled lizard comes into view.
You see here a bat corpse.
You see here a bubbling red potion.
The helpless frilled lizard fails to defend itself.
You puncture the frilled lizard!
You kill the frilled lizard!
Your Short Blades skill increases to level 1!
e - a bubbling red potion No target in view!
No target in view!
You see here a bat corpse.
f - a scroll labelled GIX KA JOEZUT No target in view!
No target in view!
g - a scroll labelled OPUCSAMPYQ Key pressed, stopping explore.
No target in view!
No target in view!
An endoplasm and 2 bats come into view.
The bat moves out of view.
A quokka comes into view.
The bat completely misses you.
You hit the bat but do no damage. The bat hits you but does no damage.
There are monsters nearby!
You hit the endoplasm. The endoplasm misses you. The bat hits you.
You hit the endoplasm.
You kill the endoplasm!
The bat hits you but does no damage. The bat misses you.
There are monsters nearby!
You closely miss the bat. The bat hits you but does no damage.
The bat barely misses you.
You hit the bat but do no damage. The bat hits you but does no damage.
The bat closely misses you.
There are monsters nearby!
You miss the bat. The bat barely misses you.
The bat hits you but does no damage.
You hit the bat. The bat barely misses you.
The bat hits you but does no damage. The bat misses you.
There are monsters nearby!
You barely miss the bat. The bat closely misses you. The bat barely misses you.
The bat hits you but does no damage.
You hit the bat.
You kill the bat!
The bat barely misses you.
There are monsters nearby!
An endoplasm comes into view.
The bat hits you but does no damage. The quokka bites you.
You closely miss the quokka.
The endoplasm quivers.
The quokka bites you. The bat hits you but does no damage.
The quokka bites you. 😮 HP[-6]
You take 6 damage, and now have 7/13 hp.
MASSIVE DAMAGE!! (PAUSE)
You hit the bat.
You kill the bat!
The quokka barely misses you.
You hit the quokka. The quokka closely misses you.
You hit the quokka. The quokka barely misses you. 😮 HP[+1]
You closely miss the quokka.
The quokka bites you but does no damage.
You closely miss the quokka. The quokka bites you.
* * * LOW HITPOINT WARNING * * *
😨 HP[-4]
You take 4 damage, and now have 4/13 hp.
MASSIVE DAMAGE!! (PAUSE)
You barely miss the quokka. The quokka barely misses you.
The endoplasm barely misses you. The quokka barely misses you.
You closely miss the quokka. The quokka bites you.
* * * LOW HITPOINT WARNING * * *
The endoplasm hits you.
You die...

Skill      XL: |  1 |
---------------+----+-----
Short Blades   | 1 |  1.1
Fighting       | |  0.2
Dodging        | |  1.7
Stealth        | |  2.8
Spellcasting   | |  2.0
Hexes          | |  3.0

Action                     || total
---------------------------++-------
  Melee: Dagger            ||    21
   Stab: Sleeping          ||     2
 Armour: Robe              ||    18
  Dodge: Dodged            ||    22

Levels and vault maps discovered:
D:1:      lemuel_arrival_room, layout_loops_ring

Notes
Turn   | Place    | Note
-------+----------+-------------------------------------------
     0 | D:1      | kae the Demonspawn Enchanter began the quest for the Orb.
     0 | D:1      | Reached XP level 1. HP: 13/13 MP: 3/3
     0 | D:1      | magus.rc [v1.11.3]
    47 | D:1      | Reached skill level 1 in Short Blades
    81 | D:1      | HP: 3/13 [quokka (1)]
    81 | D:1      | Slain by an endoplasm

Vanquished Creatures
  An endoplasm (D:1)
  A goblin (D:1)
  3 bats (D:1)
  A frilled lizard (D:1)
6 creatures vanquished.

Table legend:
 A = Non-vault XP
 B = Vault XP
 C = Vault XP percentage of total XP
 D = Non-vault monster count
 E = Vault monster count
 F = Vault count percentage of total count
                 A         B        C        D         E       F
            +---------+---------+-------+---------+---------+-------
      Total |       8 |       0 |   0.0 |       6 |       0 |   0.0
            +---------+---------+-------+---------+---------+-------
        D:1 |       8 |       0 |   0.0 |       6 |       0 |   0.0
            +---------+---------+-------+---------+---------+-------

Skill      XL: |  1 |
---------------+----+-----
Short Blades   | 1 |  1.1
Fighting       | |  0.2
Dodging        | |  1.7
Stealth        | |  2.8
Spellcasting   | |  2.0
Hexes          | |  3.0

Action                     || total
---------------------------++-------
  Melee: Dagger            ||    21
   Stab: Sleeping          ||     2
 Armour: Robe              ||    18
  Dodge: Dodged            ||    22

Illustrated notes

Table legend:
 A = Kills in this place as a percentage of kills in the entire game.
 B = Kills by you in this place as a percentage of kills by you in the entire game.
 C = Kills by friends in this place as a percentage of kills by friends in the entire game.
 D = Other kills in this place as a percentage of other kills in the entire game.
 E = Experience gained in this place as a percentage of experience gained in the entire game.
 F = Experience gained in this place divided by the number of levels of this place that you have seen.
                   A       B       C       D       E      F
               +-------+-------+-------+-------+-------+----------------------
         Total | 100.0 | 100.0 |   N/A |   N/A | 100.0 |   8.0
       Dungeon | 100.0 | 100.0 |   N/A |   N/A | 100.0 |   8.0
               +-------+-------+-------+-------+-------+----------------------

Table legend: (Time is in decaauts)
 A = Elapsed time spent in this place.
 B = Non-inter-level travel time spent in this place.
 C = Inter-level travel time spent in this place.
 D = Time resting spent in this place.
 E = Time spent auto-exploring this place.
 F = Levels seen in this place.
 G = Mean time per level.
                   A        B        C        D        E       F      G
               +--------+--------+--------+--------+--------+-----+--------+
         Total |     80 |     80 |      0 |      0 |     41 |   1 |   80.0 |
       Dungeon |     80 |     80 |      0 |      0 |     41 |   1 |   80.0 |
               +--------+--------+--------+--------+--------+-----+--------+

Top non-repeatable levels by time:
     D:1: 80 daAuts
